 Dungeon Crawl Stone Soup version 0.29.0-11-gd7f09526c8 (webtiles) character file.

Game seed: 12854298570390590870

6894 SensoryNuts the Severer (level 11, -1/141 HPs)
             Began as a Hill Orc Fighter on Sept 5, 2022.
             Slain by a water moccasin (8 damage)
             ... on level 1 of the Lair of Beasts.
             The game lasted 00:08:53 (7086 turns).

SensoryNuts the Severer (Hill Orc Fighter)          Turns: 7086, Time: 00:08:53

Health: -1/141     AC: 12    Str: 27    XL:     11   Next: 6%
Magic:  11/11      EV: 12    Int:  3    God:
Gold:   1368       SH:  5    Dex: 10    Spells: 10/10 levels left

rFire   . . .      SeeInvis .   j - +0 broad axe (drain)
rCold   . . .      Faith    .   c - +0 buckler
rNeg    + + +      Spirit   .   q - +1 troll leather armour of the Eternal Void {rPois rN+++ Regen+ Str+3 Int-5}
rPois   +          Reflect  .   w - +2 helmet
rElec   .          Harm     .   s - +0 cloak
rCorr   .          Rampage  .   m - +1 pair of gloves
Will    .....                   (no boots)
Stlth   ..........              (no amulet)
HPRegen 1.13/turn               (no ring)
MPRegen 0.12/turn               (no ring)

@: berserking (expiring), very quick
A: no striking features
a: no special abilities


You were on level 1 of the Lair of Beasts.
You visited 3 branches of the dungeon, and saw 11 of its levels.
You also visited: Ossuary.

You collected 1368 gold pieces.

Inventory:

Hand Weapons
 j - a +0 broad axe of draining (weapon)
Missiles
 y - a throwing net
Armour
 c - a +0 buckler (worn)
 m - a +1 pair of gloves (worn)
 q - the +1 troll leather armour of the Eternal Void (worn) {rPois rN+++ Regen+ Str+3 Int-5}
   (You found it on level 2 of the Dungeon)

   Str:       It affects your strength (+3).
   Int:       It affects your intelligence (-5).
   rPois:     It protects you from poison.
   rN:        It renders you almost immune to negative energy.
   Regen:     It increases your rate of health regeneration.
 s - a +0 cloak (worn)
 w - a +2 helmet (worn)
Wands
 h - a wand of flame (37) (quivered)
 t - a wand of polymorph (5)
 u - a wand of light (10)
 x - a wand of roots (7)
 z - a wand of mindburst (22)
Scrolls
 f - 2 scrolls of poison
 g - 4 scrolls of teleportation
 A - 2 scrolls of blinking
 D - 2 scrolls of fear
Potions
 a - a potion of magic
 d - 2 potions of might
 e - 3 potions of mutation
 i - 3 potions of curing
 k - a potion of lignification
 l - a potion of degeneration
 n - 2 potions of cancellation
 o - 2 potions of haste
 r - 2 potions of brilliance
 v - a potion of attraction
 C - a potion of ambrosia {unknown}
 E - a potion of resistance


   Skills:
 + Level 8.2 Fighting
 * Level 17.1 Axes
 + Level 5.0 Armour
 + Level 3.7 Dodging
 + Level 1.4 Stealth
 + Level 5.9 Shields


You had 10 spell levels left.
You didn't know any spells.
Your spell library contained the following spells:

 Spells                   Type           Power      Damage    Failure   Level
 Shock                    Conj/Air       0%         1d3       65%         1
 Slow                     Hex            0%         N/A       65%         1
 Sting                    Tmut/Pois      0%         1d3       65%         1
 Poisonous Vapours        Pois/Air       0%         N/A       78%         2
 Confusing Touch          Hex            0%         N/A       95%         3
 Swiftness                Air            0%         N/A       95%         3
 Vampiric Draining        Necr           0%         2d6       95%         3
 Airstrike                Air            0%         2d(0-16)  100%        4
 Olgreb's Toxic Radiance  Pois           0%         N/A       100%        4


Dungeon Overview and Level Annotations

Branches:
Dungeon (9/15)             Temple (1/1) D:7            Lair (1/5) D:8
Ossuary (visited)
    Orc: D:9-12

Altars:
Ashenzari
Cheibriados
Dithmenos
Elyvilon
Fedhas
Gozag
Hepliaklqana
Kikubaaqudgha
Makhleb
Nemelex Xobeh
Okawaru
Qazlal
Ru
Sif Muna
Trog
Uskayaw
Vehumet
Wu Jian
Xom
Yredelemnul
Zin
The Shining One

Shops:
D:7 :

Annotations:
D:3 3 runed translucent doors, exclusion: statue, pacmanke6689's ghost, amateur HuFi
D:6 1 runed translucent door


Message History

You closely miss the black mamba.
The black mamba is moderately wounded.
The black mamba misses you.
A red film seems to cover your vision as you go berserk!
You feel yourself moving faster!
You feel mighty!
The black mamba bites you but does no damage.
You block the black mamba's attack.
You closely miss the black mamba.
The black mamba is moderately wounded.
You block the black mamba's attack.
You miss the black mamba.
The black mamba is moderately wounded.
The black mamba closely misses you.
You barely miss the black mamba.
The black mamba is moderately wounded.
The black mamba bites you!
* * * LOW HITPOINT WARNING * * *
You barely miss the black mamba.
The black mamba is moderately wounded.
The black mamba misses you.
You miss the black mamba.
The black mamba is moderately wounded.
The black mamba bites you but does no damage.
You miss the black mamba.
The black mamba is moderately wounded.
The black mamba bites you but does no damage.
You slice the black mamba!!
The black mamba is severely wounded.
The black mamba bites you.
* * * LOW HITPOINT WARNING * * *
You slice the black mamba!!
You kill the black mamba!
Your Axes skill increases to level 17!
Your Armour skill increases to level 5!
You barely miss the water moccasin.
The water moccasin is lightly wounded.
The water moccasin bites you but does no damage.
You barely miss the water moccasin.
The water moccasin is lightly wounded.
The water moccasin bites you!
You die...

#.........
###.........
#####.#.## #
...........
...........
..........
.........#.
#.........
..........
#..>......
.........#
#.........
.........#
#S#######.
.........# ##@#
.........######..#
.................#
#######.##P.####.#
P. #..#### #...
... #.## #..## #.#
#.# #.## #.##
###.## #.# #..
####...P#######.#
#.##


You could see a water moccasin.

Vanquished Creatures
  The ghost of Lemondrips the Cleaver, a novice VSBe of Trog (D:6)
  2 black mambas (Lair:1)
  Maggie (D:7)
  A hornet (D:8)
  Grinder (D:3)
  A wraith (Ossuary)
  6 yaks (D:9)
  A basilisk (Lair:1)
  Eustachio (D:4)
  A black bear (D:5)
  6 wolves (Lair:1)
  2 ogres
  3 centaurs
  2 kobold brigands
  6 bullfrogs
  Blork the orc (D:4)
  2 necrophages (D:5)
  A gnoll sergeant (D:7)
  3 water moccasin zombies (Ossuary)
  4 scorpions
  6 killer bees (D:7)
  5 howler monkeys
  2 bullfrog zombies (Ossuary)
  A centaur zombie (Ossuary)
  2 hounds (D:5)
  4 orc priests
  Crazy Yiuf (D:3)
  2 iguanas
  Terence (D:2)
  Ijyb (D:5)
  Natasha (thrice) (D:4)
  7 orc wizards
  3 scorpion zombies (Ossuary)
  An ogre zombie (Ossuary)
  4 gnolls (D:7)
  6 adders
  A river rat (D:6)
  A shadow imp (D:6)
  2 white imps
  2 adder zombies (Ossuary)
  A worm (D:2)
  2 dart slugs
  34 orcs
  5 ball pythons
  3 bats
  7 endoplasms
  A giant cockroach (D:6)
  A gnoll zombie (Ossuary)
  12 hobgoblins
  3 jackals (D:1)
  22 kobolds
  5 quokkas
  10 frilled lizards
  11 goblins
  3 goblin zombies (Ossuary)
  6 hobgoblin zombies (Ossuary)
  3 rats (D:3)
230 creatures vanquished.

Vanquished Creatures (collateral kills)
  The ghost of Strat the Sneak, an amateur SpVM (D:5)
  An ice beast (D:5)
  A hound (D:5)
  An iguana (D:5)
4 creatures vanquished.

Vanquished Creatures (others)
  2 fungi (Lair:1)
  A plant (Lair:1)
3 creatures vanquished.

Grand Total: 237 creatures vanquished

Notes
Turn   | Place    | Note
-------+----------+-------------------------------------------
     0 | D:1      | SensoryNuts the Hill Orc Fighter began the quest for the
                  | Orb.
     0 | D:1      | Reached XP level 1. HP: 19/19 MP: 1/1
    57 | D:1      | Reached skill level 3 in Axes
    57 | D:1      | Reached XP level 2. HP: 20/27 MP: 2/2
   230 | D:1      | Found a faded altar of an unknown god.
   608 | D:1      | Reached XP level 3. HP: 32/33 MP: 3/3
   954 | D:2      | Reached skill level 4 in Axes
  1130 | D:2      | Reached XP level 4. HP: 22/40 MP: 4/4
  1382 | D:2      | Reached skill level 5 in Axes
  1431 | D:2      | Identified the +1 troll leather armour of the Eternal Void
                  | {rPois rN+++ Regen+ Str+3 Int-5}
  1557 | D:2      | Reached XP level 5. HP: 46/46 MP: 5/5
  1632 | D:2      | Noticed Terence
  1641 | D:2      | Killed Terence
  2417 | D:3      | Found a runed translucent gate.
  2432 | D:3      | Found a runed translucent gate.
  2432 | D:3      | Found a runed translucent gate.
  2432 | D:3      | Noticed pacmanke6689's ghost (amateur HuFi)
  2523 | D:3      | Reached skill level 6 in Axes
  2581 | D:3      | Reached XP level 6. HP: 23/53 MP: 6/6
  3046 | D:3      | Reached skill level 7 in Axes
  3105 | D:3      | Found a runed translucent door.
  3105 | D:3      | Noticed Grinder
  3110 | D:3      | Noticed Crazy Yiuf
  3120 | D:3      | Killed Grinder
  3121 | D:3      | Reached skill level 8 in Axes
  3121 | D:3      | Reached skill level 1 in Dodging
  3121 | D:3      | Reached XP level 7. HP: 60/60 MP: 7/7
  3154 | D:3      | Found a radiant altar of Vehumet.
  3235 | D:3      | Killed Crazy Yiuf
  3479 | D:4      | Noticed Blork the orc
  3487 | D:4      | Killed Blork the orc
  3578 | D:4      | Noticed Eustachio
  3623 | D:4      | Killed Eustachio
  3624 | D:4      | Reached skill level 5 in Fighting
  3624 | D:4      | Reached skill level 9 in Axes
  3645 | D:4      | Noticed Natasha
  3649 | D:4      | Killed Natasha
  3661 | D:4      | Noticed Natasha
  3672 | D:4      | Killed Natasha
  3735 | D:4      | Found an iron altar of Okawaru.
  3735 | D:4      | Found an ornate altar of the Wu Jian Council.
  3740 | D:4      | Found a glowing golden altar of the Shining One.
  3744 | D:4      | Found a hazy altar of Hepliaklqana.
  3744 | D:4      | Found a hide-covered altar of Uskayaw.
  3744 | D:4      | Found a bloodstained altar of Trog.
  3745 | D:4      | Found a burning altar of Makhleb.
  3751 | D:4      | Found a glowing silver altar of Zin.
  3752 | D:4      | Found a shadowy altar of Dithmenos.
  3753 | D:4      | Found an ancient bone altar of Kikubaaqudgha.
  3783 | D:4      | Noticed Natasha
  3791 | D:4      | Killed Natasha
  3792 | D:4      | Reached XP level 8. HP: 60/68 MP: 8/8
  3938 | D:5      | Entered Level 5 of the Dungeon
  3943 | D:5      | Reached skill level 10 in Axes
  4004 | D:5      | Found a runed translucent gate.
  4005 | D:5      | Found a runed translucent gate.
  4005 | D:5      | Found a runed translucent gate.
  4007 | D:5      | Noticed Strat's ghost (amateur SpVM)
  4190 | D:5      | Reached skill level 11 in Axes
  4261 | D:5      | Noticed Ijyb
  4272 | D:5      | Killed Ijyb
  4500 | D:5      | Killed Strat's ghost
  4501 | D:5      | Reached skill level 12 in Axes
  4501 | D:5      | Reached XP level 9. HP: 66/75 MP: 9/9
  4557 | D:6      | Found a snail-covered altar of Cheibriados.
  4828 | D:6      | Found a runed translucent door.
  4902 | D:6      | Found a runed translucent door.
  4907 | D:6      | Noticed Lemondrips's ghost (novice VSBe)
  5128 | D:6      | Reached skill level 5 in Shields
  5138 | D:6      | Killed Lemondrips's ghost
  5139 | D:6      | Reached skill level 13 in Axes
  5139 | D:6      | Reached skill level 1 in Stealth
  5314 | D:7      | Noticed Maggie
  5363 | D:7      | Killed Maggie
  5364 | D:7      | Reached skill level 14 in Axes
  5420 | D:7      | Found a staircase to the Ecumenical Temple.
  5430 | D:7      | Found Nashrub's Vocational Training.
  5499 | D:7      | Reached XP level 10. HP: 73/84 MP: 10/10
  5873 | Temple   | Entered the Ecumenical Temple
  5975 | D:8      | Found a staircase to the Lair.
  6382 | D:8      | Found a sand-covered staircase.
  6441 | Ossuary  | Entered an ossuary
  6477 | Ossuary  | Reached skill level 15 in Axes
  6771 | D:9      | Reached skill level 16 in Axes
  6837 | D:9      | Noticed an eight-headed hydra
  6876 | D:8      | Identified a scroll of acquirement
  6876 | D:8      | Acquired 767 gold pieces
  6908 | Lair:1   | Entered Level 1 of the Lair of Beasts
  7011 | Lair:1   | Noticed a black mamba
  7019 | Lair:1   | Killed a black mamba
  7020 | Lair:1   | Reached XP level 11. HP: 94/94 MP: 11/11
  7083 | Lair:1   | HP: 6/141 [black mamba (5)]
  7085 | Lair:1   | Reached skill level 17 in Axes
  7085 | Lair:1   | Reached skill level 5 in Armour
  7086 | Lair:1   | Slain by a water moccasin

Illustrated notes

Levels and vault maps discovered:
D:1:      evilmike_arrival_fibonacci_small, layout_loops_ring,
          hellmonk_ecumenical_altar_lost_god, minmay_small_reverse_x
D:2:      layout_basic, minmay_close_crescents, uniq_terence
D:3:      layout_rooms, vehumet_statue, ebering_ghost_rock_garden,
          minmay_misc_feat_plants, chequers_mini_garden, grunt_ministairs_13,
          minmay_misc_feat_columns, minmay_misc_feat_tower,
          guppyfry_early_lair_pool, uniq_crazy_yiuf_cottage, uniq_grinder
D:4:      layout_cave_pools, minitemple, uniq_eustachio, uniq_natasha,
          uniq_blork_the_orc
D:5:      layout_cave_pools, gammafunk_ghost_split, hex_tiny, uniq_ijyb
D:6:      layout_loops_ring, mainiacjoe_overflow_cross_hatched,
          ebering_ghost_sewer_f
D:7:      layout_basic, temple_statues, minmay_door_square,
          nicolae_shop_vocational, uniq_maggie
D:8:      layout_gridville, lair_entry_dummy, chequers_ossuary_entry_cave
D:9:      layout_grid_maze, david_orc_5, minmay_pinched_square
Temple:   zaba_magenta_temple
Lair:1:   layout_small_grid, disabler_island, uniq_fannar

Skill      XL: |  1  2  3  4  5  6  7  8  9 10 11 |
---------------+----------------------------------+-----
Axes           | 3 4 5 6 8 9 12 14 16 17 | 17.1
Fighting       | 4 5 6 8 |  8.2
Armour         | 4 5 |  5.0
Dodging        | 1 2 3 |  3.7
Shields        | 4 5 |  5.9
Stealth        | 1 |  1.4

Action                   |  1- 3 |  4- 6 |  7- 9 | 10-12 || total
-------------------------+-------+-------+-------+-------++-------
Melee: War axe           |   117 |   155 |   280 |       ||   552
       Broad axe         |       |       |    17 |   237 ||   254
  Use: Potion            |       |     1 |     2 |     5 ||     8
       Scroll            |       |    11 |    11 |     5 ||    27
 Stab: Invisible         |       |       |     1 |       ||     1
Armor: Scale mail        |    65 |    23 |       |       ||    88
       Troll leather arm |       |    45 |   120 |    91 ||   256
Dodge: Dodged            |    71 |    64 |   127 |   114 ||   376
Block: Buckler           |    24 |    33 |    62 |    60 ||   179
